 Dungeon Crawl Stone Soup version 0.31-a0-83-gbff143cfd1 (webtiles) character file.

Game seed: 15606714512199331066

213 IdlyInterested the Trooper (level 5, -8/43 HPs)
             Began as a Demonspawn Wanderer on May 24, 2023.
             Mangled by a small abomination (15 damage)
             ... on level 3 of the Dungeon.
             The game lasted 00:07:20 (2297 turns).

IdlyInterested the Trooper (Demonspawn Wanderer)    Turns: 2297, Time: 00:07:21

Health: -8/43      AC:  8    Str: 16    XL:     5   Next: 59%
Magic:  6/6        EV: 10    Int: 10    God:
Gold:   95         SH:  0    Dex: 14    Spells: 5/6 levels left

rFire   + . .        a - +2 quarterstaff
rCold   + . .        (shield currently unavailable)
rNeg    . . .        r - +3 ring mail
rPois   +            (no helmet)
rElec   +            (no cloak)
rCorr   +            (no gloves)
SInv    .            (no boots)
Will    ++...        s - amulet of regeneration
Stlth   +            i - ring of poison resistance
HPRegen 1.07/turn    B - ring of willpower
MPRegen 0.20/turn

%: no passive effects
@: mighty, resistant, enlightened, flying
A: magic regeneration, weakness stinger 2, sense surroundings 1
a: no special abilities


You were on level 3 of the Dungeon.
You visited 1 branch of the dungeon, and saw 3 of its levels.

You collected 95 gold pieces.

Inventory:

Hand Weapons
 a - a +2 quarterstaff (weapon)
 f - a +0 short sword
 l - a +3 dagger
 n - a +0 spear
 w - a +0 flail
 z - a +0 hand axe
 A - a +0 falchion
 F - a +0 halberd
Missiles
 g - 9 poisoned darts
 m - 25 stones (quivered)
 x - 3 javelins
 D - a throwing net
Armour
 k - an orb of wrath
 r - a +3 ring mail (worn)
Jewellery
 i - a ring of poison resistance (left hand)
 s - an amulet of regeneration (around neck)
 B - a ring of willpower (right hand)
Wands
 t - a wand of flame (4)
Scrolls
 d - a scroll of fear {unknown}
 e - a scroll of brand weapon {unknown}
 h - 3 scrolls of identify {unknown}
 j - a scroll of amnesia {unknown}
 q - 2 scrolls of butterflies {unknown}
 u - 2 scrolls of noise {unknown}
 y - a scroll of silence {unknown}
 E - a scroll of poison {unknown}
Potions
 v - a potion of brilliance {unknown}


   Skills:
 * Level 4.7 Fighting
 - Level 2.6 Staves
 - Level 1.0 Throwing
 + Level 1.0 Armour
 - Level 1.0 Dodging
 - Level 1.0 Stealth
 - Level 1.0 Spellcasting
 - Level 2.6 Transmutations
 - Level 2.0 Invocations
 - Level 1.0 Evocations


You had 5 spell levels left.
You knew the following spells:

 Your Spells              Type           Power      Damage    Failure   Level
a - Beastly Appendage     Tmut           10%        N/A       22%         1

Your spell library contained the following spells:

 Spells                   Type           Power      Damage    Failure   Level
 Ignite Poison            Fire/Tmut/Pois 1%         N/A       83%         3
 Inner Flame              Hex/Fire       0%         N/A       91%         3
 Flame Wave               Conj/Fire      0%         2d4       100%        4
 Sticky Flame             Conj/Fire      0%         2d3       100%        4


Dungeon Overview and Level Annotations

Branches:
Dungeon (3/15)

Altars:
Wu Jian

Shops:
D:1 [

Portals:
Abyss: D:3

Annotations:
D:3 1 transporter


Innate Abilities, Weirdness & Mutations

You regenerate magic rapidly.
You have a tail ending in a sharp stinger.
You passively map a small area around you.


Message History

You barely miss the small abomination.
Your tail-slap misses the small abomination.
The small abomination is almost destroyed.
The small abomination hits you but does no damage.
The small abomination hits you!
* * * LOW HITPOINT WARNING * * *
You feel better.
The small abomination hits you but does no damage.
You feel better.
The small abomination hits you but does no damage.
You hit the small abomination but do no damage.
The small abomination is almost destroyed.
The small abomination barely misses you.
You sock the small abomination!
You destroy the small abomination!
Training target 2.0 for Invocations reached!
Your Invocations skill increases to level 2!
You barely miss the small abomination.
The small abomination closely misses you.
The small abomination hits you!
* * * LOW HITPOINT WARNING * * *
You hit the small abomination.
The small abomination is lightly damaged.
The small abomination hits you!
* * * LOW HITPOINT WARNING * * *
It was a potion of resistance.
You feel protected.
The small abomination barely misses you. x2
It was a potion of mutation.
You feel extremely strange. A pair of horns grows on your head!
The horns on your head shrink away.
You feel a strange attunement to the structure of the dungeons.
The small abomination barely misses you.
It was a potion of enlightenment.
You feel very buoyant.
You fly up into the air.
The small abomination misses you.
Okay, then.
It was a potion of might.
You feel very mighty all of a sudden. The small abomination hits you!
You die...

#...'.......................
#...#........###.#.#######..
############..#..#.......#..
#.....................
#..................... ###
##....©......##........ ..######
#....###....####....... ..#....#
##....#.##..##..####.... ..#....#
#.....#@^#..#......##..# ..#....#
#.#..##x##..##...#..#..# ..#....#
#....#.5##...###.#.##..# ..#....#
#.)..#.#.##....#..##...# ###....#
#....##...###§##.. #...# #....#
#.....###...### #..##..# #....#
#..[....#..#... #.5.#... #....#
##.....##.#5.###...##...
###...)####....##.W..©..:#.##....


You could see a small abomination and a quasit.

Vanquished Creatures
  A small abomination (D:3)
  The ghost of Licon the Shield-Bearer, a weakling DgFi (D:3)
  6 gnolls
  An adder (D:3)
  An ufetubus (D:3)
  A worm (D:2)
  An orc (D:3)
  A bat (D:3)
  4 endoplasms
  4 giant cockroaches
  5 goblins
  3 hobgoblins
  2 quokkas
  3 ball pythons
  A frilled lizard (D:3)
  5 kobolds
  5 rats
45 creatures vanquished.

Notes
Turn   | Place    | Note
-------+----------+-------------------------------------------
     0 | D:1      | IdlyInterested the Demonspawn Wanderer began the quest for
                  | the Orb.
     0 | D:1      | IdlyInterested set off with the following items: a +2
                  | quarterstaff, a +0 ring mail, a potion of curing; and the
                  | following spell memorised: Beastly Appendage; and the
                  | following spells available to memorise: Ignite Poison.
     0 | D:1      | Reached XP level 1. HP: 15/15 MP: 2/2
   107 | D:1      | Reached skill level 2 in Fighting
   107 | D:1      | Gained mutation: You regenerate magic rapidly. [demonic
                  | ancestry]
   107 | D:1      | Reached XP level 2. HP: 20/22 MP: 3/3
   121 | D:1      | Reached skill level 1 in Dodging
   195 | D:1      | Found Ugequcva's Antique Armour Shop.
   365 | D:1      | Found a faded altar of an unknown god.
   874 | D:2      | Found an ornate altar of the Wu Jian Council.
   962 | D:2      | Reached XP level 3. HP: 28/28 MP: 4/4
  1553 | D:3      | Reached skill level 3 in Fighting
  1553 | D:3      | Reached skill level 1 in Stealth
  1631 | D:3      | Found a one-way gate to the infinite horrors of the Abyss.
  1631 | D:3      | Noticed a small abomination
  1631 | D:3      | Noticed Licon's ghost (weakling DgFi)
  1723 | D:3      | Found a transporter.
  1737 | D:3      | Noticed a small abomination
  1738 | D:3      | Noticed a toenail golem
  1981 | D:3      | Found a transporter.
  2018 | D:3      | Gained mutation: You have a small tail. [demonic ancestry]
  2018 | D:3      | Reached XP level 4. HP: 18/35 MP: 5/5
  2028 | D:3      | Reached skill level 1 in Throwing
  2283 | D:3      | Killed Licon's ghost
  2284 | D:3      | Reached skill level 4 in Fighting
  2284 | D:3      | Reached skill level 1 in Invocations
  2284 | D:3      | Gained mutation: You have a tail ending in a sharp stinger.
                  | [demonic ancestry]
  2284 | D:3      | Reached XP level 5. HP: 19/42 MP: 6/6
  2295 | D:3      | Gained mutation: You have a pair of small horns on your
                  | head. [potion of mutation]
  2295 | D:3      | Lost mutation: You have a pair of small horns on your head.
                  | [potion of mutation]
  2295 | D:3      | Gained mutation: You passively map a small area around you.
                  | [potion of mutation]
  2297 | D:3      | Mangled by a small abomination

Illustrated notes

Levels and vault maps discovered:
D:1:      spicycebolla_arrival_clurvy, layout_basic, serial_shops, shop,
          hellmonk_ecumenical_altar_inner_sanctum
D:2:      layout_loops_corners, basic_altar
D:3:      layout_basic, gammafunk_ghost_abyssal_escape

Skill      XL: |  1  2  3  4  5 |
---------------+----------------+-----
Fighting       | 2 3 4 |  4.7
Dodging        | 1 |  1.0
Stealth        | 1 |  1.0
Throwing       | 1 |  1.0
Invocations    | 1 2 |  2.0
Staves         | |  2.6
Armour         | |  1.0
Spellcasting   | |  1.0
Transmutations | |  2.6
Evocations     | |  1.0

Action                     |  1- 3 |  4- 6 || total
---------------------------+-------+-------++-------
  Melee: Quarterstaff      |    89 |    40 ||   129
         Tailslap          |       |     5 ||     5
  Throw: Stone             |     5 |       ||     5
         Javelin           |     2 |       ||     2
  Evoke: Wand              |       |     1 ||     1
    Use: Potion            |       |     7 ||     7
 Armour: Ring mail         |    34 |    11 ||    45
  Dodge: Dodged            |    48 |    24 ||    72

Table legend: (Time is in decaauts)
 A = Elapsed time spent in this place.
 B = Non-inter-level travel time spent in this place.
 C = Inter-level travel time spent in this place.
 D = Time resting spent in this place.
 E = Time spent auto-exploring this place.
 F = Levels seen in this place.
 G = Mean time per level.
                   A        B        C        D        E       F      G
               +--------+--------+--------+--------+--------+-----+--------+
         Total |   2320 |   2174 |    146 |    120 |   1491 |   3 |  773.3 |
       Dungeon |   2320 |   2174 |    146 |    120 |   1491 |   3 |  773.3 |
               +--------+--------+--------+--------+--------+-----+--------+

Top non-repeatable levels by time:
     D:3: 867 daAuts
     D:2: 798 daAuts
     D:1: 654 daAuts
